 Dungeon Crawl Stone Soup version 0.29-a0-88-g03a7b78be7 (webtiles) character file.

Game seed: 12680776174847612384

772 senseless the Gouger (level 7, -4/32 HPs)
             Began as a Felid Fighter on Feb 5, 2022.
             Was a Priest of Cheibriados.
             Slain by a two-headed ogre (20 damage)
             ... on level 5 of the Dungeon on Feb 8, 2022.
             The game lasted 00:12:30 (5518 turns).

senseless the Gouger (Felid Fighter)                Turns: 5518, Time: 00:12:30

Health: -4/32      AC:  2    Str: 19    XL:     7   Next: 53%
Magic:  0/8        EV: 23    Int: 16    God:    Cheibriados [***...]
Gold:   130        SH:  0    Dex: 25    Spells: 6/6 levels left
                                        Lives:  0   Deaths: 2

rFire   + . .      SeeInvis +     - Unarmed
rCold   . . .      Faith    .   (shield unavailable)
rNeg    . . .      Spirit   +   (armour unavailable)
rPois   .          Reflect  .   (helmet unavailable)
rElec   .          Harm     .   (cloak unavailable)
rCorr   .          Rampage  .   (gloves unavailable)
Will    +....                   (boots unavailable)
Stlth   ++++......              g - amulet of guardian spirit
HPRegen 0.10/turn               b - ring of protection from fire
MPRegen 0.11/turn               (no ring)

@: studying Fighting, very slow
A: very small, claws 1, fangs 3, see invisible, speed 1, shaggy fur 2, stealthy
paws, no weapons or thrown items, no armour, multi-lived
a: Renounce Religion, Bend Time, Temporal Distortion


You were on level 5 of the Dungeon.
You worshipped Cheibriados.
Cheibriados was most pleased with you.
You visited 1 branch of the dungeon, and saw 5 of its levels.

You collected 163 gold pieces.
You spent 33 gold pieces at shops.

Inventory:

Jewellery
 b - a ring of protection from fire (left paw)
 g - an amulet of guardian spirit (around neck)
Wands
 a - a wand of polymorph (7) (quivered)
Scrolls
 d - a scroll of fear
Potions
 c - a potion of brilliance {unknown}
 e - a potion of resistance
 f - a potion of heal wounds {unknown}


   Skills:
 + Level 4.2 Fighting
 + Level 6.7 Dodging
 + Level 6.0 Stealth
 + Level 8.2 Unarmed Combat


You had 6 spell levels left.
You didn't know any spells.
Your spell library was empty.

Dungeon Overview and Level Annotations

Branches:
Dungeon (5/15)
 Temple: D:4-7

Altars:
Ashenzari
Cheibriados

Shops:
D:2 :*   D:3 ?   D:4 (


Innate Abilities, Weirdness & Mutations

You have sharp claws.
You have razor-sharp teeth.
You have supernaturally acute eyesight. (SInv)
You cover ground quickly. (Speed+)
You are covered in thick fur. (AC +2)
Your paws help you pounce on unaware monsters.
You are incapable of wielding weapons or throwing items.
You cannot wear armour.
You gain extra lives every three experience levels.


Message History

Found a stone staircase leading down.
Found a stone staircase leading up.
Found 18 bolts.
Found a stone staircase leading down.
You see here 18 bolts.
There is a stone staircase leading down here.
Found a stone staircase leading up.
Found 22 sling bullets.
You see here 22 sling bullets.
The two-headed ogre closely misses you. x2
You scratch the two-headed ogre. Your claw misses the two-headed ogre.
The two-headed ogre is lightly wounded.
You scratch the two-headed ogre. You bite the two-headed ogre.
The two-headed ogre is lightly wounded.
The two-headed ogre hits you with a +0 giant spiked club!
The two-headed ogre barely misses you.
You claw the two-headed ogre!
The two-headed ogre is moderately wounded.
You scratch the two-headed ogre.
The two-headed ogre is heavily wounded.
The two-headed ogre misses you.
The two-headed ogre hits you with a +0 giant spiked club!
You are too injured to fight recklessly!
You are too injured to fight recklessly!
You barely miss the two-headed ogre.
The two-headed ogre is heavily wounded.
The two-headed ogre misses you.
The two-headed ogre completely misses you.
You barely miss the two-headed ogre.
The two-headed ogre is heavily wounded.
You scratch the two-headed ogre.
You bite the two-headed ogre, but do no damage.
The two-headed ogre is heavily wounded.
The two-headed ogre completely misses you.
The two-headed ogre misses you.
You claw the two-headed ogre!
The two-headed ogre is severely wounded.
The two-headed ogre closely misses you.
The two-headed ogre hits you with a +0 giant spiked club!!
Ouch! That really hurt!
You die...

#.# #.# #.# #.# ###
#.# ....
#.########## .....
#..........#......
##########........
#O@........ #.
#.#........ #.
#.#...#########.###
#.#.##### ........
####)#......
....### #.......#
###+##....#
#.......#
#..>.......
#.......#
#.........#
#.......#
.........#


You could see a two-headed ogre.

Vanquished Creatures
  A hornet (D:5)
  Sigmund (D:3)
  A water moccasin (D:5)
  A necrophage (D:4)
  A centaur (D:4)
  Blork the orc (D:4)
  A water moccasin skeleton (D:5)
  A howler monkey (D:5)
  2 hounds
  Crazy Yiuf (D:4)
  Jessica (D:3)
  An iguana (D:5)
  Ijyb (D:4)
  2 orc wizards (D:3)
  3 gnolls (D:5)
  A howler monkey skeleton (D:4)
  4 adders
  A shadow imp (D:5)
  A worm (D:5)
  12 orcs
  5 ball pythons (D:1)
  7 endoplasms
  5 giant cockroaches
  8 goblins
  5 hobgoblins
  5 kobolds
  2 quokkas
  2 bats
  3 frilled lizards
  4 rats
84 creatures vanquished.

Notes
Turn   | Place    | Note
-------+----------+-------------------------------------------
     0 | D:1      | senseless the Felid Fighter began the quest for the Orb.
     0 | D:1      | Reached XP level 1. HP: 10/10 MP: 2/2
   380 | D:1      | Reached XP level 2. HP: 14/14 MP: 3/3
   463 | D:1      | Found a faded altar of an unknown god.
   471 | D:1      | Prayed at the altar of an unknown god.
   471 | D:1      | Became a worshipper of Cheibriados the Contemplative
   471 | D:1      | Reached * piety under Cheibriados
   914 | D:2      | Reached XP level 3. HP: 17/17 MP: 4/4
   940 | D:2      | Found Xyesamag's Book Boutique.
   976 | D:2      | Found Lomuc's Assorted Antiques.
  1343 | D:2      | Reached skill level 1 in Stealth
  2065 | D:3      | Found Gucaceimm's Magic Scroll Shop.
  2075 | D:3      | Reached ** piety under Cheibriados
  2077 | D:3      | Bought a scroll of identify for 22 gold pieces
  2077 | D:3      | Bought a scroll of noise for 11 gold pieces
  2108 | D:3      | Noticed Sigmund
  2114 | D:3      | Killed Sigmund
  2115 | D:3      | Reached skill level 5 in Dodging
  2115 | D:3      | Reached skill level 5 in Unarmed Combat
  2115 | D:3      | Reached XP level 4. HP: 8/21 MP: 5/5
  2115 | D:3      | Reached XP level 5. HP: 9/24 MP: 6/6
  2358 | D:3      | Noticed Jessica
  2364 | D:3      | Killed Jessica
  2846 | D:3      | Reached skill level 6 in Unarmed Combat
  2869 | D:3      | Slain by an orc wizard
  2870 | D:3      | Reached XP level 4. HP: 0/21 MP: 5/5
  2924 | D:3      | Reached XP level 5. HP: 6/24 MP: 6/6
  3509 | D:4      | Noticed a necrophage
  3520 | D:4      | Killed a necrophage
  3521 | D:4      | Gained mutation: You are covered in thick fur. (AC +2)
                  | [Felid growth]
  3521 | D:4      | Reached XP level 6. HP: 9/28 MP: 7/7
  3759 | D:4      | Noticed Ijyb
  3926 | D:4      | Killed Ijyb
  3942 | D:4      | Found a broken altar of Ashenzari.
  3946 | D:4      | Noticed Blork the orc
  4053 | D:4      | Found a runed translucent door.
  4054 | D:4      | Noticed Crazy Yiuf
  4162 | D:4      | Found Makila's Weapon Boutique.
  4359 | D:4      | Killed Blork the orc
  4360 | D:4      | Reached skill level 7 in Unarmed Combat
  4450 | D:4      | Killed Crazy Yiuf
  4451 | D:4      | Reached XP level 7. HP: 32/32 MP: 8/8
  4489 | D:5      | Entered Level 5 of the Dungeon
  4521 | D:5      | Noticed a two-headed ogre
  4524 | D:5      | HP: 1/32 [two-headed ogre (15)]
  4529 | D:5      | Annihilated by a two-headed ogre
  4530 | D:5      | Reached XP level 6. HP: -33/28 MP: 7/7
  4555 | D:5      | Reached *** piety under Cheibriados
  4684 | D:5      | Reached skill level 5 in Stealth
  4860 | D:5      | Noticed a hornet
  4877 | D:5      | Killed a hornet
  4878 | D:5      | Reached skill level 8 in Unarmed Combat
  4878 | D:5      | Reached XP level 7. HP: 6/32 MP: 8/8
  5518 | D:5      | Slain by a two-headed ogre

Illustrated notes

Levels and vault maps discovered:
D:1:      dpeg_arrival_rooms_a, layout_basic,
          shapermc_ecumenical_altar_mp_highgroup
D:2:      layout_basic, serial_shops, shop_fountains, shop_fountains
D:3:      minmay_angry_zag, layout_rooms, serial_shops, shop,
          kennysheep_small_spiral, uniq_sigmund, uniq_jessica
D:4:      layout_cave_pools, nicolae_ashenzari_panopticon, serial_shops,
          kennysheep_mini_moat, uniq_blork_the_orc, uniq_ijyb,
          uniq_crazy_yiuf_cottage
D:5:      layout_basic, minmay_temple_entry_fiery

Skill      XL: |  1  2  3  4  5  6  7 |
---------------+----------------------+-----
Stealth        | 2 3 5 6 |  6.0
Dodging        | 5 6 |  6.7
Unarmed Combat | 5 6 8 |  8.2
Fighting       | 4 |  4.2

Action                   |  1- 3 |  4- 6 |  7- 9 || total
-------------------------+-------+-------+-------++-------
Melee: Unarmed           |    77 |   147 |    37 ||   261
       Bite              |     5 |    14 |     4 ||    23
       Punch             |     1 |     5 |       ||     6
  Use: Scroll            |     4 |     1 |     1 ||     6
       Potion            |     1 |       |       ||     1
 Stab: Sleeping          |     3 |     8 |       ||    11
       Distracted        |       |     1 |     1 ||     2
Armor: Skin              |     1 |     6 |       ||     7
Dodge: Dodged            |    56 |   103 |    31 ||   190

Table legend: (Time is in decaauts)
 A = Elapsed time spent in this place.
 B = Non-inter-level travel time spent in this place.
 C = Inter-level travel time spent in this place.
 D = Time resting spent in this place.
 E = Time spent auto-exploring this place.
 F = Levels seen in this place.
 G = Mean time per level.
                   A        B        C        D        E       F      G
               +--------+--------+--------+--------+--------+-----+--------+
         Total |   6191 |   5857 |    334 |    192 |   4882 |   5 | 1238.2 |
       Dungeon |   6191 |   5857 |    334 |    192 |   4882 |   5 | 1238.2 |
               +--------+--------+--------+--------+--------+-----+--------+

Top non-repeatable levels by time:
     D:3: 1973 daAuts
     D:5: 1192 daAuts
     D:4: 1183 daAuts
     D:2: 943 daAuts
     D:1: 899 daAuts
